AoeStats
← rcknr

Arabia

508523853Analyzed
1v1 RM · 8d ago on Sep 22, 2026· 83m 42s· 2 players
Game mode
Random Map
Map size
Tiny (2 player)
Population
200
Speed
Normal
Resources
Standard
Victory
Conquest
Starting age
Dark Age
Ending age
Imperial Age
RankedLock teamsTeams togetherTeam positionsShared explorationLock speedFull tech treeHidden civsTurbo modeCheats
Victory
Defeat
🇪🇸 Random · Spain
907
+17
🇩🇪 Ethiopians · Germany
937
-17
Joaquín Espartero
0:59 Loom
11:04 Feudal Age
11:28 Man-at-Arms
11:58 Horse Collar
12:05 Double-Bit Axe
13:25 Wheelbarrow
13:48 Stone Mining
14:25 Scale Mail Armor
14:26 Gold Mining
17:18 Forging
22:41 Castle Age
20:48 Fletching
20:59 Padded Archer Armor
21:40 Town Watch
24:15 Hand Cart
24:35 Chain Mail Armor
24:55 Iron Casting
25:22 Elite Skirmisher
27:14 Bow Saw
27:36 Leather Archer Armor
30:16 Stone Shaft Mining
30:16 Gold Shaft Mining
29:13 Long Swordsman
31:31 Gambesons
33:18 Ballistics
39:13 Imperial Age
40:55 Ring Archer Armor
40:20 Bodkin Arrow
40:32 Two-Handed Swordsman
52:46 Plate Mail Armor
53:16 Blast Furnace
53:17 Town Patrol
54:25 Bodkin Arrow
54:29 Champion
71:39 Murder Holes
77:14 Elite Jomsviking
79:04 Pikeman
82:35 Halberdier
83:08 Spies/Treason
rcknr
9:51 Feudal Age
8:09 Loom
9:55 Feudal Age
11:20 Double-Bit Axe
13:12 Wheelbarrow
14:01 Horse Collar
22:48 Castle Age
21:41 Fletching
21:51 Padded Archer Armor
22:35 Gold Mining
22:50 Crossbowman
23:29 Bodkin Arrow
26:10 Leather Archer Armor
29:18 Bow Saw
29:48 Heavy Plow
32:40 Hand Cart
33:24 Scale Barding Armor
35:04 Husbandry
34:53 Town Watch
39:14 Imperial Age
36:56 Thumb Ring
38:07 Town Patrol
39:05 Ballistics
39:55 Arbalester
41:46 Chemistry
40:54 Siege Engineers
46:29 Bracer
52:07 Conscription
58:10 Forging
58:21 Chain Barding Armor
59:29 Iron Casting
63:36 Blast Furnace
63:18 Light Cavalry
69:32 Two-Man Saw
69:30 Hussar
Connection lost

Rejoining the realm…

Still unreachable

The connection could not be restored.

Session expired

The server has moved on; the page needs a fresh start.